Map: Orbital Shipyard

Players

capac

  • Race: Terran Terran
  • League: Gold

KUBES - Winner!

  • Race: Terran Terran
  • League: Platinum

VOD

Have the link to the VOD?

Description

Time

  • Played on: March 5, 2016, 3:49 p.m.
  • Length: 15:04
Show
View Real Time Build Order
Export as new Build Order

capac Terran 

Build Orders:  

Get SALT Encoding   

  12  0:00  SCV  
  13  0:13  SCV  
  14  0:19  Supply Depot  
  14  0:25  SCV  
  15  0:40  SCV  
  15  0:41  Barracks  
  16  0:45  Refinery  
  16  0:52  SCV  
  17  1:04  SCV  
  18  1:16  SCV  
  19  1:29  SCV  
  19  1:30  Barracks Reactor  
  20  1:38  Command Center  
  20  1:48  Orbital Command  
  20  2:08  Marine x2  
  22  2:14  Factory  
  21  2:19  SCV  
  22  2:23  Refinery  
  22  2:29  Marine  
  23  2:36  Barracks  
  23  2:49  Marine, SCV  
  25  2:53  Marine  
  26  3:00  Factory Reactor  
  26  3:04  Starport  
  26  3:10  Marine  
  26  3:12  SCV  
  29  3:15  Orbital Command  
  26  3:30  Marine x2  
  21  3:56  Marine  
  21  3:57  Marine x2  
  17  4:13  Hellion  
  17  4:14  Marine x2  
  17  4:15  Marine  
  18  4:32  Marine x2  
  19  4:58  Hellion  
  21  5:02  Starport Reactor  
  21  5:04  SCV x2  
  23  5:15  Marine x2  
  23  5:19  SCV  
  23  5:20  SCV  
  27  5:28  Barracks Tech Lab  
  27  5:33  Marine x2  
  27  5:34  Liberator  
  29  5:41  SCV  
  29  5:42  SCV  
  31  5:44  Factory Tech Lab  
  31  5:47  Barracks  
  31  5:51  Marine x2  
  36  5:58  Marine  
  36  6:02  Refinery  
  37  6:04  Refinery  
  37  6:05  SCV  
  38  6:16  Supply Depot  
  38  6:37  Marine x2  
  40  6:40  Viking  
  40  6:44  SCV x2  
  44  6:56  Supply Depot  
  44  7:06  SCV x2  
  46  7:16  Liberator  
  46  7:17  Marine x3  
  49  7:23  Supply Depot  
  49  7:28  Liberator  
  49  7:30  SCV x2  
  54  7:45  Marine x2  
  55  8:12  Command Center  
  55  8:15  Liberator x2  
  52  8:34  Marine x3  
  58  8:35  Marine  
  62  8:47  Supply Depot  
  62  9:08  Marine, SCV  
  64  9:23  Command Center  
  64  9:26  Marine x3  
  64  9:27  Marine  
  64  9:28  Medivac x2  
  72  9:43  Siege Tank  
  72  9:44  Reaper, Orbital Command  
  76  9:45  SCV x2  
  78  9:57  SCV  
  78  9:58  SCV  
  80  10:06  Engineering Bay  
  80  10:07  Marine x4  
  80  10:10  SCV  
  85  10:32  Supply Depot  
  85  10:35  Marine x4, SCV, Medivac x2  
  94  10:50  Supply Depot  
  94  10:52  Supply Depot  
  94  10:55  Marine x2  
  94  10:56  Marine x2  
  98  10:58  Stimpack  
  98  11:01  Terran Infantry Weapons Level 1  
  98  11:03  SCV x2  
  98  11:04  SCV  
  101  11:05  Medivac x2  
  105  11:14  Supply Depot  
  105  11:15  Supply Depot, SCV  
  106  11:25  SCV x2  
  108  11:28  SCV  
  108  11:32  Siege Tank  
  112  11:33  Marine  
  112  11:34  Marine x4  
  112  11:35  Medivac x2  
  112  11:37  SCV x2  
  123  11:40  SCV  
  124  11:49  SCV  
  124  11:51  Marine x2  
  124  11:52  Marine x3  
  130  11:56  SCV x2  
  132  12:04  Siege Tank  
  132  12:06  Missile Turret  
  132  12:07  Medivac x2  
  132  12:08  Missile Turret  
  139  12:14  Supply Depot  
  139  12:21  Marine x4  
  139  12:22  Marine  
  144  12:37  Starport  
  144  12:38  Starport  
  144  12:42  Refinery  
  144  12:43  SCV x2  
  146  12:46  Refinery  
  146  12:47  Medivac  
  146  12:48  Medivac  
  149  13:15  Starport Reactor x2  
  147  13:45  Liberator x2  
  97  13:58  Marine  
  97  13:59  Marine x4  
  105  14:16  Marine x2  
  105  14:17  Marine x3  
  110  14:25  Siege Tank  
  113  14:34  Marine x3  
  113  14:35  Marine x2  
Show
View Real Time Build Order
Export as new Build Order

KUBES Terran - Winner!

Build Orders: Bio Tank 

Get SALT Encoding   

  12  0:01  SCV  
  13  0:13  SCV  
  14  0:20  Supply Depot  
  14  0:25  SCV  
  15  0:42  SCV  
  16  0:43  Barracks  
  16  0:48  Refinery  
  16  0:58  SCV  
  17  1:10  SCV  
  18  1:16  Barracks  
  18  1:22  SCV  
  20  1:32  Reaper  
  20  1:35  Orbital Command  
  20  1:53  Refinery  
  20  2:01  Command Center  
  20  2:16  Reaper  
  20  2:19  Reaper  
  20  2:20  SCV  
  23  2:23  Supply Depot  
  23  2:45  SCV  
  23  2:48  Reaper  
  25  2:53  Factory  
  25  2:57  SCV  
  26  3:00  Reaper  
  27  3:09  SCV  
  28  3:17  Orbital Command  
  28  3:20  Reaper  
  28  3:21  SCV  
  30  4:08  SCV x2  
  31  4:11  Factory Tech Lab  
  31  4:13  Barracks  
  31  4:16  Engineering Bay  
  31  4:18  Command Center  
  31  4:19  Engineering Bay  
  26  4:39  Marine  
  26  4:40  Siege Tank  
  26  4:41  SCV x2  
  26  4:45  Terran Infantry Weapons Level 1  
  32  4:52  Barracks  
  32  4:53  Barracks, SCV  
  32  4:58  SCV  
  34  5:02  Supply Depot  
  34  5:03  Barracks Tech Lab  
  34  5:05  SCV  
  35  5:10  SCV  
  35  5:12  Siege Tank  
  39  5:15  Barracks Reactor  
  39  5:18  Marine  
  40  5:24  Marine, Missile Turret  
  40  5:26  Terran Infantry Armor Level 1  
  41  5:34  SCV  
  42  5:36  Marine  
  42  5:41  Marine x3  
  47  5:43  Orbital Command  
  47  5:47  Supply Depot x2  
  46  5:52  Missile Turret  
  46  5:53  Marine  
  46  5:55  Refinery  
  47  5:57  Marine  
  47  5:58  Marine x2  
  47  5:59  Refinery, Marine, Missile Turret  
  47  6:02  Barracks Reactor  
  51  6:12  SCV x2  
  51  6:13  SCV  
  54  6:19  Marine x3  
  54  6:20  Marine x2  
  54  6:22  Missile Turret  
  54  6:23  Stimpack  
  59  6:28  SCV x2  
  61  6:35  SCV  
  61  6:37  Missile Turret  
  62  6:40  SCV, Orbital Command  
  63  6:48  Armory  
  63  6:51  SCV  
  63  6:52  SCV  
  65  7:01  Marine x2  
  65  7:02  Marine x3  
  65  7:04  SCV x2  
  65  7:07  SCV  
  73  7:16  SCV x2  
  73  7:19  Missile Turret, SCV  
  76  7:24  Marine x3  
  76  7:25  Siege Tank  
  76  7:26  Barracks Reactor  
  76  7:27  Barracks Reactor  
  76  7:28  SCV  
  76  7:29  SCV  
  84  7:31  SCV  
  84  7:35  Terran Infantry Weapons Level 2  
  84  7:36  Factory  
  85  7:38  Terran Vehicle Weapons Level 1  
  85  7:46  Supply Depot  
  85  7:48  Supply Depot  
  85  8:07  SCV x3  
  85  8:09  Marine  
  85  8:10  Marine x2, Siege Tank  
  93  8:23  Combat Shields  
  89  8:30  Missile Turret  
  89  8:33  Marine x4, SCV x3  
  89  8:34  Marine x2  
  97  8:35  Marine x2  
  97  8:39  Supply Depot  
  97  8:40  Supply Depot  
  100  8:54  Starport  
  100  9:01  Starport, Siege Tank  
  103  9:03  Factory Tech Lab  
  103  9:06  Marine  
  103  9:07  Marine x6  
  110  9:16  SCV x2  
  112  9:19  Terran Infantry Armor Level 2  
  112  9:20  Refinery x2, Command Center  
  112  9:22  Barracks Reactor  
  112  9:23  Supply Depot  
  112  9:25  Supply Depot  
  112  9:26  Missile Turret  
  112  9:31  SCV x2  
  112  9:32  Missile Turret, SCV  
  112  9:35  Missile Turret  
  112  9:37  Marine x2  
  117  9:42  Marine x4  
  121  9:47  Supply Depot, Medivac  
  121  9:48  Supply Depot  
  123  9:55  Siege Tank x2  
  123  9:58  Starport Reactor, Barracks Reactor  
  129  10:01  Medivac  
  131  10:07  Marine x2  
  133  10:17  Medivac  
  135  10:21  Terran Vehicle Weapons Level 2  
  135  10:31  Siege Tank x2  
  135  10:34  Orbital Command  
  141  10:40  Marine x5  
  141  10:41  Marine x4  
  150  10:47  Medivac x2  
  154  10:58  Concussive Shells, Marine x6  
  154  11:00  Terran Infantry Weapons Level 3  
  160  11:11  Missile Turret  
  160  11:12  Missile Turret  
  160  11:15  Missile Turret  
  160  11:16  Missile Turret  
  160  11:17  Missile Turret  
  160  11:19  Missile Turret  
  160  11:23  Marine x3  
  160  11:24  Marine x5, Orbital Command  
  168  11:29  Viking x2  
  168  11:30  Viking  
  174  11:33  Viking  
  174  11:39  Missile Turret  
  176  11:42  Sensor Tower  
  176  11:54  Terran Infantry Armor Level 3  
  176  11:57  Sensor Tower  
  176  11:58  Sensor Tower  
  176  12:03  Viking  
  178  12:14  Refinery  
  178  12:19  Liberator  
  178  12:21  Refinery  
  178  12:22  Missile Turret  
  178  12:27  Marine x2  
  178  12:28  Missile Turret  
  180  12:36  Marine x4, Medivac x2  
  191  12:37  Medivac  
  191  12:38  Terran Vehicle And Ship Armor Level 1  
  193  12:44  Missile Turret  
  193  12:50  Command Center  
  193  13:09  Medivac x2  
  155  14:24  Command Center  
  155  14:27  Medivac x4  
  163  14:45  Command Center  
Tags
 
Composition
Bio Tank
Matchup
TvT
Race
Terran
Add a new tag
Caveats
  • Supply blocks, unpowered buildings, or Contaminate may cause inaccurate times.
  • Supply counts are checked every 10 seconds.